 Dungeon Crawl Stone Soup version 0.25.1-9-gc5326a611f (webtiles) character file.

Game seed: 12505681550918130574

1099 eliilek the Spear-Bearer (level 8, -9/105 HPs)
             Began as a Minotaur Berserker on Dec 29, 2020.
             Was an Elder of Trog.
             Killed by divine providence
             ... invoked by an orc priest
              (13 damage)
             ... on level 6 of the Dungeon.
             The game lasted 00:17:39 (4998 turns).

eliilek the Spear-Bearer (Minotaur Berserker)       Turns: 4998, Time: 00:17:40

Health: -9/105     AC: 15    Str: 25    XL:     8   Next: 10%
Magic:  0/7        EV:  8    Int:  4    God:    Trog [****..]
Gold:   187        SH:  6    Dex:  9    Spells: 7/7 levels left

rFire    . . .     SeeInvis +   a - +0 trident
rCold    . . .     Gourm    .   x - +2 buckler
rNeg     . . .     Faith    .   p - +0 plate armour
rPois    .         Spirit   +   (helmet restricted)
rElec    .         Reflect  .   r - +0 cloak
rCorr    .         Harm     .   d - +0 pair of gloves
MR       +....                  (no boots)
Stlth    ..........             B - amulet of guardian spirit
HPRegen  0.27/turn              l - ring of see invisible
MPRegen  0.10/turn              v - ring of protection from magic

@: berserking, very quick
A: retaliatory headbutt, horns 2
a: Berserk, Trog's Hand, Brothers in Arms, Renounce Religion


You were on level 6 of the Dungeon.
You worshipped Trog.
Trog was greatly pleased with you.
You were very hungry.

You visited 1 branch of the dungeon, and saw 6 of its levels.
You also visited: Sewer.

You collected 187 gold pieces.

Inventory:

Hand Weapons
 a - a +0 trident (weapon)
Missiles
 F - 4 poisoned darts (quivered)
Armour
 d - a +0 pair of gloves (worn)
 p - a +0 plate armour (worn)
 r - a +0 cloak (worn)
 x - a +2 buckler (worn)
Jewellery
 f - an uncursed ring of resist corrosion
 l - a ring of see invisible (left hand)
 u - an uncursed ring of flight
 v - a ring of protection from magic (right hand)
 B - an amulet of guardian spirit (around neck)
 G - a cursed amulet of inaccuracy {unknown}
Wands
 C - a wand of enslavement (10)
Scrolls
 b - 3 scrolls of enchant armour
 i - 4 scrolls of remove curse
 k - 2 scrolls of magic mapping {unknown}
 n - a scroll of amnesia {unknown}
 o - 4 scrolls of teleportation
 s - 2 scrolls of enchant weapon {unknown}
 w - 2 scrolls of fog {unknown}
 y - a scroll of fear {unknown}
 E - a scroll of vulnerability {unknown}
Potions
 e - 3 potions of heal wounds
 g - 2 potions of might
 h - 5 potions of curing
 j - a potion of lignification {unknown}
 m - 2 potions of brilliance {unknown}
 q - a potion of degeneration {unknown}
 t - a potion of magic {unknown}
 A - a potion of berserk rage {unknown}
 D - a potion of flight {unknown}
Comestibles
 c - 8 rations
 z - 9 chunks of flesh


   Skills:
 + Level 6.3 Fighting
 * Level 8.3 Polearms
 + Level 5.8 Armour
 - Level 2.1 Dodging
 - Level 4.0 Shields


You had 7 spell levels left.
You didn't know any spells.
Your spell library was empty.

Dungeon Overview and Level Annotations

Branches:
Dungeon (6/15)             Temple (0/1) D:6           Sewer (visited)

Altars:
Dithmenos


Innate Abilities, Weirdness & Mutations

You reflexively headbutt those who attack you in melee.
You have a pair of horns on your head.


Message History

Your plate armour prevents you from hitting the orc priest.
You headbutt the orc priest.
The orc priest is severely wounded.
The orc wizard points at you and mumbles some strange words.
The magic dart hits you but does no damage.
Unknown command.
You impale the orc wizard!!
You feel the power of Trog in you as your rage grows.
You kill the orc wizard!
Trog accepts your kill.
Trog appreciates your killing of a magic user.
The orc priest calls upon Beogh to heal the orc priest.
The orc priest is healed somewhat.
The orc priest calls down the wrath of Beogh upon you.
You resist with some effort.
You closely miss the orc priest.
The orc priest is moderately wounded.
The orc priest invokes the aid of Beogh against you.
Beogh smites you!
You die...

.. .≈≈. #. .. ≈.≈≈....[ .
. ..≈≈..#.# .. #.
..≈≈..#.# ... ..#.
..≈≈.≈... .... . ..
.≈≈.....# ..... .... #
..≈≈....##o..#####....# #
.≈.≈....@ooZ# #.#.....###
..≈≈...)##...##.......#..
..≈≈≈....###.##.(........
[.≈≈≈≈....##.##......###.
.≈≈≈..#......#.......#...
≈.≈≈..##.##..#...........
..≈≈≈.###................
..≈≈≈..#....#............
##≈≈#....#.##.....##.#..#


You could see 2 orc priests, an orc wizard and a wyvern skeleton.

Vanquished Creatures
  An eye of draining (D:5)
  A centaur (D:4)
  3 big kobolds (Sewer)
  2 howler monkeys
  5 orc wizards
  7 orc priests
  3 worker ants
  A hound zombie (D:5)
  8 adders
  2 shadow imps (D:5)
  2 adder skeletons (D:5)
  2 worms
  A dart slug (D:4)
  4 leopard geckos
  29 orcs
  16 bats
  6 giant cockroaches
  3 goblins
  7 hobgoblins
  2 quokkas
  5 ball pythons
  9 frilled lizards
  15 kobolds
  7 rats
141 creatures vanquished.

Notes
Turn   | Place    | Note
-------+----------+-------------------------------------------
     0 | D:1      | eliilek the Minotaur Berserker began the quest for the Orb.
     0 | D:1      | Reached XP level 1. HP: 19/19 MP: 0/0
   236 | D:1      | Reached skill level 4 in Polearms
   357 | D:1      | Reached XP level 2. HP: 25/27 MP: 1/1
   937 | D:2      | Reached XP level 3. HP: 32/33 MP: 2/2
  1496 | D:2      | Reached XP level 4. HP: 40/40 MP: 3/3
  1699 | D:2      | Reached skill level 5 in Polearms
  2092 | D:3      | Reached ** piety under Trog
  2298 | D:3      | Reached XP level 5. HP: 47/47 MP: 4/4
  2809 | D:4      | Reached skill level 1 in Shields
  2816 | D:4      | Reached skill level 6 in Polearms
  3340 | D:4      | Reached *** piety under Trog
  3340 | D:4      | Reached skill level 5 in Fighting
  3340 | D:4      | Reached XP level 6. HP: 56/56 MP: 5/5
  3706 | D:5      | Entered Level 5 of the Dungeon
  3867 | D:5      | Reached skill level 7 in Polearms
  3867 | D:5      | Reached XP level 7. HP: 61/61 MP: 0/6
  3868 | D:5      | Found a glowing drain.
  3882 | Sewer    | Entered a sewer
  4218 | Sewer    | Reached **** piety under Trog
  4225 | Sewer    | Reached skill level 5 in Armour
  4855 | D:6      | Found a staircase to the Ecumenical Temple.
  4880 | D:6      | Reached skill level 8 in Polearms
  4933 | D:6      | Found a shadowy altar of Dithmenos.
  4987 | D:6      | Reached XP level 8. HP: 22/70 MP: 2/7
  4990 | D:6      | HP: 3/105 [orc priest/divine providence (6)]
  4998 | D:6      | Killed from afar by an orc priest

Illustrated notes

Levels and vault maps discovered:
D:1:      psy_arrival_statuary, layout_loops_ring, minmay_3d_cube
D:2:      layout_basic, hangedman_decor_points
D:3:      layout_rooms, minmay_unequal
D:4:      minmay_octagon_keep, layout_basic, first_ration, wad_orctagon
D:5:      layout_loops_ring, cheibrodos_sewer_entry_sluice, st_stairs_4
D:6:      layout_cave_pools, chequers_temple_overflow_statue_of_worship,
          lemuel_round_altar, minmay_temple_entry_gardened_gates, serial_rivers,
          chequers_serial_rivers_marsh, chequers_serial_rivers_marsh,
          chequers_serial_rivers_micro_a, chequers_serial_rivers_small_3,
          chequers_serial_rivers_room_b

Skill      XL: |  1  2  3  4  5  6  7 |
---------------+----------------------+-----
Polearms       | 4 5 6 7 8 |  8.3
Fighting       | 4 5 6 |  6.3
Armour         | 3 4 5 |  5.8
Shields        | 1 3 4 |  4.0
Dodging        | |  2.1

Action                   |  1- 3 |  4- 6 |  7- 9 || total
-------------------------+-------+-------+-------++-------
Melee: Spear             |   102 |   216 |       ||   318
       Headbutt          |    11 |    36 |    31 ||    78
       Trident           |       |    47 |   149 ||   196
Invok: Berserk           |       |       |     1 ||     1
  Use: Scroll            |       |     6 |     1 ||     7
  Eat: Chunk             |     2 |     8 |     3 ||    13
Armor: Ring mail         |     9 |       |       ||     9
       Scale mail        |    24 |       |       ||    24
       Plate armour      |       |    77 |    65 ||   142
Dodge: Dodged            |    34 |    53 |    34 ||   121
Block: Buckler           |       |    20 |    40 ||    60
